 Dungeon Crawl Stone Soup version 0.29-a0-993-g4a18f31a58 (webtiles) character file.

Game seed: 4140489445633683411

147 RevDB the Conjurer (level 5, -3/45 HPs)
             Began as a Draconian Conjurer on Aug 2, 2022.
             Slain by an orc
             ... wielding a +0 whip
              (6 damage)
             ... on level 3 of the Dungeon.
             The game lasted 00:13:15 (2399 turns).

RevDB the Conjurer (Draconian Conjurer)             Turns: 2399, Time: 00:13:16

Health: -3/45      AC:  5    Str:  9    XL:     5   Next: 8%
Magic:  2/9        EV: 12    Int: 26    God:
Gold:   159        SH:  0    Dex: 10    Spells: 7/10 levels left

rFire   . . .      SeeInvis .   p - staff of poison
rCold   . . .      Faith    .   (no shield)
rNeg    . . .      Spirit   .   (body armour unavailable)
rPois   +          Reflect  .   (helmet restricted)
rElec   .          Harm     .   (no cloak)
rCorr   .          Rampage  .   (no gloves)
Will    +....                   (no boots)
Stlth   ++........              (no amulet)
HPRegen 0.15/turn               l - +6 ring of intelligence
MPRegen 0.11/turn               t - ring of willpower

@: no status effects
A: AC +5, unfitting armour, cold-blooded
a: no special abilities


You were on level 3 of the Dungeon.
You visited 1 branch of the dungeon, and saw 4 of its levels.

You collected 159 gold pieces.

Inventory:

Hand Weapons
 e - a +3 dagger
Magical Staves
 p - a staff of poison (weapon)
Jewellery
 f - a ring of fire
 l - a +6 ring of intelligence (left hand)
 q - a ring of see invisible
 t - a ring of willpower (right hand)
Scrolls
 b - a scroll of magic mapping {unknown}
 h - a scroll of brand weapon {unknown}
 j - a scroll of fear {unknown}
 k - a scroll of teleportation {unknown}
 n - a scroll of summoning {unknown}
 s - a scroll of identify {unknown}
Potions
 a - a potion of magic
 c - 2 potions of curing {unknown}
 d - 2 potions of heal wounds {unknown}
 g - a potion of degeneration {unknown}
 i - a potion of brilliance {unknown}
 m - a potion of ambrosia {unknown}
 o - 2 potions of might {unknown}
 r - a potion of attraction {unknown}


   Skills:
 + Level 3.1 Fighting
 - Level 1.7 Dodging
 - Level 1.7 Stealth
 - Level 3.0 Spellcasting
 - Level 5.0 Conjurations


You had 7 spell levels left.
You knew the following spells:

 Your Spells              Type           Power      Damage    Failure   Level
a - Magic Dart            Conj           100%       1d8       1%          1
b - Searing Ray           Conj           58%        2d6       1%          2

Your spell library contained the following spells:

 Spells                   Type           Power      Damage    Failure   Level
 Dazzling Flash           Conj/Hex       32%        N/A       10%         3
 Fulminant Prism          Conj/Hex       8%         3d7       32%         4
 Iskenderun's Mystic Bla  Conj/Tloc      16%        2d5       32%         4


Dungeon Overview and Level Annotations

Branches:
Dungeon (4/15)
 Temple: D:4-7

Altars:
Wu Jian

Shops:
D:2 (*!


Innate Abilities, Weirdness & Mutations

Your plain brown scales are hard. (AC +5)
You cannot fit into any form of body armour.
You are cold-blooded and may be slowed by cold attacks.


Message History

* * * LOW HITPOINT WARNING * * *
You hit the orc but do no damage.
The orc is heavily wounded.
The orc closely misses you.
You closely miss the orc.
Your tail-slap misses the orc.
The orc is heavily wounded.
The orc barely misses you.
You hit the orc but do no damage.
The orc is heavily wounded.
The orc hits you with a +0 whip.
* * * LOW HITPOINT WARNING * * *
The orc completely misses you.
You hit the orc but do no damage.
The orc is heavily wounded.
The orc hits you but does no damage.
You closely miss the orc.
The orc is heavily wounded.
The orc barely misses you.
You closely miss the orc.
The orc is heavily wounded.
The orc barely misses you.
You hit the orc but do no damage.
The orc is heavily wounded.
The orc closely misses you.
You completely miss the orc.
The orc is heavily wounded.
The orc hits you with a +0 whip.
* * * LOW HITPOINT WARNING * * *
The orc hits you with a +0 whip.
* * * LOW HITPOINT WARNING * * *
You hit the orc but do no damage.
The orc is heavily wounded.
The orc misses you.
You hit the orc but do no damage.
The orc is heavily wounded.
The orc misses you.
You hit the orc.
The orc is heavily wounded.
The orc hits you with a +0 whip.
You die...

#.........)...........# #
#.....................# #
#.........####........# #
#.........# #........# ########
#)........# #........# #.....##
#.........############# #.....##
#.........##........######.....##
#.........##.....)...............
##.#<..#...#....@o..............#
#.###.#...'.....)..######......#
#.....#...#........# #.......
#######...#........# #.....#.
#...#........# #.....#.
#...#........# #.....##
#####...##....#### #.....##
#...........### #.....#.
#...........# #.....#.


You could see an orc.

Vanquished Creatures
  A gnoll (D:1)
  4 adders
  3 dart slugs
  7 orcs
  3 ball pythons
  4 bats
  8 endoplasms
  7 giant cockroaches
  11 goblins
  5 hobgoblins
  11 jackals (D:2)
  6 kobolds
  2 quokkas (D:1)
  2 frilled lizards (D:1)
  5 rats
79 creatures vanquished.

Notes
Turn   | Place    | Note
-------+----------+-------------------------------------------
     0 | D:1      | RevDB the Draconian Conjurer began the quest for the Orb.
     0 | D:1      | Reached XP level 1. HP: 14/14 MP: 3/3
   110 | D:1      | Reached skill level 1 in Fighting
   156 | D:1      | Reached XP level 2. HP: 14/24 MP: 1/5
   322 | D:1      | Found a faded altar of an unknown god.
   558 | D:1      | Reached XP level 3. HP: 31/31 MP: 6/6
  1055 | D:2      | Learned a level 2 spell: Searing Ray
  1087 | D:2      | Found Faunoqol's Weapon Boutique.
  1093 | D:2      | You fall into a shaft and drop 1 floor!
  1115 | D:3      | Reached XP level 4. HP: 26/38 MP: 2/7
  1207 | D:3      | Reached skill level 5 in Conjurations
  1209 | D:3      | Found an ornate altar of the Wu Jian Council.
  1480 | D:2      | Found Taphui Jomp's Assorted Antiques.
  1826 | D:2      | Found Ysetif's Distillery.
  2215 | D:3      | Reached XP level 5. HP: 44/45 MP: 5/9
  2399 | D:3      | Slain by an orc

Illustrated notes

Levels and vault maps discovered:
D:1:      spicycebolla_arrival_xxxplode, layout_basic,
          nicolae_ecumenical_lake_church, hangedman_decor_growths,
          grunt_decor_arrowhead
D:2:      layout_loops_ring, serial_shops, nicolae_shop_bloodbath_and_beyond,
          shop_statue, nicolae_shop_stone, minmay_misc_feat_x
D:3:      layout_basic, mainiacjoe_overflow_alcove_1
D:4:      layout_layer_cave, fiery_altar_vehumet, gammafunk_temple_of_torment,
          uniq_menkaure

Skill      XL: |  1  2  3  4 |
---------------+-------------+-----
Fighting       | 1 3 |  3.1
Conjurations   | 5 |  5.0
Spellcasting   | 3 |  3.0
Dodging        | |  1.7
Stealth        | |  1.7

Action                   |  1- 3 |  4- 6 || total
-------------------------+-------+-------++-------
Melee: Unarmed           |    15 |       ||    15
       Tailslap          |    12 |     8 ||    20
       Dagger            |    94 |    18 ||   112
       Staff             |       |    57 ||    57
 Cast: Magic Dart        |    34 |    38 ||    72
       Searing Ray       |     1 |     4 ||     5
 Stab: Sleeping          |     4 |       ||     4
Armor: Skin              |    28 |    29 ||    57
Dodge: Dodged            |    68 |    69 ||   137

Table legend: (Time is in decaauts)
 A = Elapsed time spent in this place.
 B = Non-inter-level travel time spent in this place.
 C = Inter-level travel time spent in this place.
 D = Time resting spent in this place.
 E = Time spent auto-exploring this place.
 F = Levels seen in this place.
 G = Mean time per level.
                   A        B        C        D        E       F      G
               +--------+--------+--------+--------+--------+-----+--------+
         Total |   2411 |   2393 |     18 |      0 |    965 |   4 |  602.8 |
       Dungeon |   2411 |   2393 |     18 |      0 |    965 |   4 |  602.8 |
               +--------+--------+--------+--------+--------+-----+--------+

Top non-repeatable levels by time:
     D:1: 990 daAuts
     D:2: 711 daAuts
     D:3: 689 daAuts
     D:4: 19 daAuts
